AoeStats
← soms88

Oasis

508353659Analyzed
3v3 RM · 10d ago on Sep 22, 2026· 62m 16s· 6 players
Game mode
Random Map
Map size
Normal (6 player)
Population
200
Speed
Normal
Resources
Standard
Victory
Conquest
Starting age
Dark Age
Ending age
Imperial Age
RankedLock teamsTeams togetherTeam positionsShared explorationLock speedFull tech treeHidden civsTurbo modeCheats
Victory
Defeat
🇺🇸 Bengalis · United States
1208
+12
🇺🇸 Goths · United States
1139
+15
🇺🇸 Franks · United States
1131
+15
🇲🇽 Britons · Mexico
1140
-16
🇲🇽 Hindustanis · Mexico
1123
-14
🇲🇽 Magyars · Mexico
1070
-12
Willych
10:58 Feudal Age
14:50 Castle Age
13:24 Double-Bit Axe
13:40 Horse Collar
14:30 Loom
15:56 Wheelbarrow
16:20 Wheelbarrow
17:37 Bow Saw
20:16 Heavy Plow
22:41 Hand Cart
24:14 Forging
24:09 Scale Barding Armor
25:04 Gold Mining
25:06 Stone Mining
25:45 Bloodlines
25:36 Husbandry
27:39 Iron Casting
28:53 Gold Shaft Mining
28:55 Stone Shaft Mining
34:37 Imperial Age
32:32 Chain Barding Armor
34:39 Heavy Camel Rider
36:24 Blast Furnace
36:29 Imperial Camel Rider
37:23 Caravan
38:38 Chemistry
39:24 Thumb Ring
42:35 Conscription
43:51 Shatagni
44:21 Light Cavalry
46:23 Two-Man Saw
45:55 Hussar
54:58 Elite Skirmisher
55:49 Fletching
55:59 Padded Archer Armor
56:01 Scale Mail Armor
57:01 Ballistics
57:22 Plate Barding Armor
56:42 Bodkin Arrow
60:10 Onager
soms88
10:59 Feudal Age
11:19 Horse Collar
12:31 Double-Bit Axe
12:51 Loom
19:22 Castle Age
19:42 Crossbowman
20:38 Bow Saw
20:29 Heavy Plow
21:29 Fletching
21:46 Crossbowman
24:02 Gold Mining
24:14 Bodkin Arrow
24:27 Padded Archer Armor
27:00 Wheelbarrow
27:00 Leather Archer Armor
27:26 Stone Mining
28:56 Hand Cart
34:16 Ballistics
36:33 Imperial Age
38:49 Imperial Age
39:34 Man-at-Arms
40:03 Gambesons
40:19 Squires
40:38 Forging
40:28 Scale Mail Armor
40:21 Long Swordsman
42:13 Iron Casting
42:26 Gold Shaft Mining
41:33 Two-Handed Swordsman
43:03 Chain Mail Armor
44:56 Blast Furnace
44:19 Champion
46:06 Conscription
48:50 Pikeman
50:04 Plate Mail Armor
49:46 Halberdier
54:27 Arbalester
55:24 Bracer
dollivier9
4:35 Loom
13:06 Feudal Age
14:38 Double-Bit Axe
14:42 Horse Collar
16:00 Bloodlines
24:57 Castle Age
23:15 Gold Mining
24:18 Fletching
32:20 Bodkin Arrow
32:25 Padded Archer Armor
32:44 Husbandry
34:26 Town Watch
35:33 Double-Bit Axe
36:27 Wheelbarrow
42:47 Imperial Age
40:45 Ballistics
41:13 Gold Shaft Mining
41:12 Bow Saw
42:14 Murder Holes
43:14 Corvinian Army
43:13 Heavy Cavalry Archer
44:19 Parthian Tactics
45:41 Elite Magyar Huszar
47:11 Conscription
46:25 Light Cavalry
47:29 Scale Barding Armor
47:25 Bracer
49:29 Chain Barding Armor
48:35 Hussar
51:21 Town Patrol
52:19 Corvinian Army
53:47 Two-Man Saw
55:11 Elite Skirmisher
57:10 Leather Archer Armor
58:24 Thumb Ring
58:53 Ring Archer Armor
59:59 Chemistry
Triqem
10:46 Feudal Age
10:57 Loom
13:11 Wheelbarrow
17:48 Castle Age
16:53 Double-Bit Axe
17:27 Gold Mining
19:57 Scale Barding Armor
23:20 Bow Saw
25:17 Husbandry
26:40 Forging
32:32 Imperial Age
30:46 Chain Barding Armor
31:09 Stone Mining
31:56 Gold Shaft Mining
32:36 Cavalier
33:06 Town Watch
34:23 Conscription
35:55 Plate Barding Armor
37:43 Caravan
38:55 Chivalry
40:30 Paladin
43:42 Hand Cart
47:17 Town Patrol
48:18 Masonry
49:06 Iron Casting
49:08 Elite Throwing Axeman
50:51 #83
52:10 Blast Furnace
51:03 Fletching
50:46 Light Cavalry
51:59 Padded Archer Armor
53:09 Chemistry
53:33 Ballistics
53:47 Architecture
54:45 Bodkin Arrow
55:05 Leather Archer Armor
55:02 Siege Engineers
55:11 Devotion
DVaso
8:55 Loom
10:50 Feudal Age
15:04 Castle Age
14:04 Double-Bit Axe
14:00 Horse Collar
16:42 Bow Saw
17:05 Heavy Plow
27:58 Imperial Age
27:13 Wheelbarrow
26:46 Anarchy
26:48 Scale Mail Armor
26:50 Squires
27:37 Forging
29:00 Chain Mail Armor
29:08 Conscription
29:08 Elite Huskarl
31:06 Iron Casting
32:46 Blast Furnace
34:06 Pikeman
34:42 Halberdier
35:25 Perfusion
37:47 Caravan
39:54 Two-Man Saw
43:25 Man-at-Arms
45:13 Crop Rotation
44:59 Hand Cart
44:29 Town Watch
44:40 Fletching
44:27 Long Swordsman
44:41 Two-Handed Swordsman
45:19 Champion
46:22 Bodkin Arrow
46:40 Masonry
46:51 Ballistics
47:31 Chemistry
47:14 Bracer
47:12 Murder Holes
48:08 Heavy Scorpion
49:22 Architecture
54:16 Gold Mining
54:17 Stone Mining
Mhafiki
5:23 Loom
9:44 Feudal Age
10:17 Double-Bit Axe
11:20 Horse Collar
18:23 Castle Age
16:57 Fletching
19:00 Padded Archer Armor
19:45 Bloodlines
19:36 Husbandry
21:57 Wheelbarrow
21:16 Gold Mining
21:37 Bow Saw
23:03 Hand Cart
23:00 Bodkin Arrow
24:02 Heavy Plow
27:11 Light Cavalry
28:30 Ballistics
31:17 Gold Shaft Mining
30:35 Stone Mining
31:23 Paiks
32:41 Leather Archer Armor
36:17 Imperial Age
33:33 Town Watch
34:57 Caravan
38:24 Town Patrol
38:47 Bracer
39:23 Ring Archer Armor
39:03 Elite Elephant Archer
40:31 Conscription
42:58 Mahayana
42:06 Siege Elephant
45:04 Chemistry
44:11 Siege Engineers
44:16 Masonry
Connection lost

Rejoining the realm…

Still unreachable

The connection could not be restored.

Session expired

The server has moved on; the page needs a fresh start.